 Dungeon Crawl Stone Soup version 0.28.0-53-g5a82cb258f (webtiles) character file.

Game seed: 17818260580177008014

1872 safid the Cleaver (level 9, -4/71 HPs)
             Began as a Hill Orc Fighter on June 3, 2022.
             Was a Believer of Beogh.
             Slain by a boulder beetle (20 damage)
             ... on level 8 of the Dungeon.
             The game lasted 00:09:39 (7024 turns).

safid the Cleaver (Hill Orc Fighter)                Turns: 7024, Time: 00:09:39

Health: -4/71      AC: 10    Str: 23    XL:     9   Next: 14%
Magic:  9/9        EV:  7    Int:  8    God:    Beogh [**....]
Gold:   581        SH:  5    Dex: 14    Spells: 8/8 levels left

rFire   . . .      SeeInvis +   a - +0 war axe
rCold   . . .      Faith    .   c - +0 buckler
rNeg    . . .      Spirit   .   g - +0 chain mail
rPois   .          Reflect  .   v - +0 helmet
rElec   .          Harm     .   (no cloak)
rCorr   .          Rampage  .   (no gloves)
Will    .....                   (no boots)
Stlth   ..........              z - amulet of regeneration
HPRegen 1.01/turn               t - ring of see invisible
MPRegen 0.11/turn               l - ring "Imudyj" {Wiz Dex+4}

@: mighty
A: no striking features
a: Renounce Religion, Smiting


You were on level 8 of the Dungeon.
You worshipped Beogh.
Beogh was pleased with you.
You visited 1 branch of the dungeon, and saw 8 of its levels.

You collected 581 gold pieces.

Inventory:

Hand Weapons
 a - a +0 war axe (weapon)
Missiles
 f - 5 poisoned darts (quivered)
Armour
 c - a +0 buckler (worn)
 g - a +0 chain mail (worn)
 v - a +0 helmet (worn)
 B - a +2 ring mail of poison resistance
Jewellery
 l - the ring "Imudyj" (right hand) {Wiz Dex+4}
   (You found it on level 6 of the Dungeon)

   [ring of wizardry]

   It improves your spell success rate.
   Dex:       It affects your dexterity (+4).
 t - a ring of see invisible (left hand)
 z - an amulet of regeneration (around neck)
Scrolls
 d - 3 scrolls of holy word
 e - 2 scrolls of teleportation
 h - 2 scrolls of silence
 i - 4 scrolls of immolation
 n - a scroll of summoning {unknown}
 p - a scroll of fear {unknown}
 q - 3 scrolls of enchant weapon
 r - 2 scrolls of brand weapon
 w - a scroll of enchant armour {unknown}
 x - a scroll of noise {unknown}
 C - a scroll of fog {unknown}
 D - a scroll of vulnerability {unknown}
Potions
 b - a potion of brilliance
 j - a potion of mutation
 o - a potion of magic
 s - 2 potions of lignification
 u - 2 potions of attraction
 A - a potion of curing


   Skills:
 - Level 4.0 Fighting
 + Level 14.4 Axes
 - Level 4.0 Armour
 - Level 4.0 Shields


You had 8 spell levels left.
You didn't know any spells.
Your spell library contained the following spells:

 Spells                   Type           Power      Damage    Failure   Level
 Ensorcelled Hibernation  Hex/Ice        0%         N/A       92%         2
 Ignite Poison            Fire/Tmut/Pois 0%         N/A       99%         3
 Mephitic Cloud           Conj/Pois/Air  0%         N/A       99%         3
 Spider Form              Tmut/Pois      0%         N/A       99%         3
 Anguish                  Hex/Necr       0%         N/A       100%        4
 Freezing Cloud           Conj/Ice/Air   0%         6-21      100%        5


Dungeon Overview and Level Annotations

Branches:
Dungeon (8/15)             Temple (0/1) D:6
   Lair: D:8-11

Altars:
The Shining One
Beogh

Shops:
D:4 !

Annotations:
D:4 1 transporter, Sin92's ghost, amateur DsFi


Message History

HP restored.
You enter the shallow water.
Moving in this stuff is going to be slow.
You enter the shallow water.
Moving in this stuff is going to be slow.
You now have 581 gold pieces (gained 20).
Found a stone staircase leading down.
There is a stone staircase leading down here.
The boulder beetle curls into a ball and begins rolling!
You feel very mighty all of a sudden.
The boulder beetle hits you but does no damage.
The boulder beetle stops rolling and uncurls.
You slash the boulder beetle!
The boulder beetle is moderately wounded.
The boulder beetle bites you!!
You hit the boulder beetle but do no damage.
The boulder beetle is moderately wounded.
You hit the boulder beetle but do no damage.
The boulder beetle is moderately wounded.
The boulder beetle barely misses you.
You barely miss the boulder beetle.
The boulder beetle is moderately wounded.
The boulder beetle bites you!!
You hit the boulder beetle but do no damage.
The boulder beetle is moderately wounded.
The boulder beetle leaps!
The boulder beetle leaps!
You slash the boulder beetle!
The boulder beetle is moderately wounded.
The boulder beetle bites you!!
* * * LOW HITPOINT WARNING * * *
You slash the boulder beetle!
The boulder beetle is heavily wounded.
You slash the boulder beetle!
The boulder beetle is severely wounded.
The boulder beetle bites you but does no damage.
You hit the boulder beetle.
The boulder beetle is severely wounded.
The boulder beetle bites you!!
You die...

#.# #.# #.# #.#
########.########### #.#
......##...........#########.#
#####.##########.............#
.... #...###########
.....########...#
.............B...#
##D○.....######@..#
...○°....## #.###
####..°....####.#
#......°°B○..# #.......######
##.....## #....# #.### #


You could see a boulder beetle.

Vanquished Creatures
  A steam dragon (D:8)
  A water moccasin (D:7)
  3 ice beasts (D:6)
  2 black bears
  An ogre (D:5)
  3 centaurs
  A scorpion (D:5)
  An electric eel (D:8)
  3 hounds
  3 orc priests
  A jelly (D:8)
  A bullfrog skeleton (D:7)
  2 centaur skeletons (D:4)
  A gnoll shaman (D:6)
  3 iguanas
  4 orc wizards
  7 gnolls
  6 adders
  A shadow imp (D:7)
  3 white imps
  An ufetubus (D:6)
  A worm (D:2)
  2 dart slugs (D:2)
  19 orcs
  10 bats
  7 endoplasms
  6 giant cockroaches
  5 goblins
  6 hobgoblins
  4 jackals (D:4)
  4 quokkas
  9 ball pythons
  4 frilled lizards
  3 kobolds (D:2)
  9 rats
138 creatures vanquished.

Vanquished Creatures (others)
  2 plants (D:8)
2 creatures vanquished.

Grand Total: 140 creatures vanquished

Notes
Turn   | Place    | Note
-------+----------+-------------------------------------------
     0 | D:1      | safid the Hill Orc Fighter began the quest for the Orb.
     0 | D:1      | Reached XP level 1. HP: 19/19 MP: 1/1
    95 | D:1      | Reached XP level 2. HP: 27/27 MP: 2/2
   112 | D:1      | Reached skill level 3 in Axes
   553 | D:1      | Found a faded altar of an unknown god.
   709 | D:2      | Reached XP level 3. HP: 33/33 MP: 3/3
  1232 | D:2      | Reached XP level 4. HP: 38/40 MP: 4/4
  1483 | D:2      | Identified the +2 ring mail of the Lizard {Str+3}
  1597 | D:3      | Reached skill level 4 in Axes
  2134 | D:3      | Noticed a black bear
  2144 | D:3      | Killed a black bear
  2145 | D:3      | Reached skill level 6 in Axes
  2145 | D:3      | Reached XP level 5. HP: 31/46 MP: 5/5
  2323 | D:3      | Reached XP level 6. HP: 47/52 MP: 6/6
  2626 | D:3      | Found a roughly hewn altar of Beogh.
  2627 | D:3      | Became a worshipper of Beogh the Brigand
  2761 | D:4      | Reached skill level 7 in Axes
  2788 | D:4      | Found a transporter.
  3031 | D:4      | Noticed Sin92's ghost (amateur DsFi)
  3164 | D:4      | Found Bezugy's Distillery.
  3567 | D:4      | Reached skill level 8 in Axes
  3591 | D:4      | Reached * piety under Beogh
  3746 | D:5      | Entered Level 5 of the Dungeon
  3998 | D:5      | Reached XP level 7. HP: 54/59 MP: 7/7
  4044 | D:5      | Reached skill level 9 in Axes
  4459 | D:5      | Found a glowing golden altar of the Shining One.
  4495 | D:5      | Reached skill level 10 in Axes
  5142 | D:6      | Reached XP level 8. HP: 58/66 MP: 8/8
  5182 | D:6      | Reached skill level 11 in Axes
  5209 | D:6      | Identified the ring "Imudyj" {Wiz Dex+4}
  5375 | D:6      | Reached skill level 12 in Axes
  5460 | D:6      | Found a staircase to the Ecumenical Temple.
  5719 | D:7      | Reached ** piety under Beogh
  5731 | D:7      | Reached skill level 13 in Axes
  6143 | D:7      | Reached XP level 9. HP: 48/71 MP: 9/9
  6474 | D:8      | Noticed a boulder beetle
  6572 | D:8      | Reached skill level 14 in Axes
  7024 | D:8      | Slain by a boulder beetle

Illustrated notes

Levels and vault maps discovered:
D:1:      dpeg_arrival_tiny_i, layout_loops_ring,
          chequers_ecumenical_altar_grove, serial_park_tiny_pond
D:2:      layout_rooms, minmay_indecisive_spiral
D:3:      layout_loops_ring, chequers_serial_rivers_small_a,
          kennysheep_orc_chapel
D:4:      layout_gridville, gammafunk_ghost_smash, serial_shops, shop,
          grunt_ministairs_6
D:5:      layout_basic, tso_metal_star, nicolae_figureground_sparkle
D:6:      layout_rooms, minmay_temple_entry_grid
D:7:      layout_basic, chequers_serial_rivers_micro_b
D:8:      layout_loops_ring, serial_bayou_pond_c, serial_bayou_pond_c,
          nicolae_elevator_lobby_plus

Skill      XL: |  1  2  3  4  5  6  7  8  9 |
---------------+----------------------------+-----
Axes           | 3 6 8 10 13 14 | 14.4
Fighting       | 4 |  4.0
Shields        | 4 |  4.0
Armour         | 4 |  4.0

Action                   |  1- 3 |  4- 6 |  7- 9 || total
-------------------------+-------+-------+-------++-------
Melee: War axe           |   116 |   163 |   202 ||   481
Invok: Convert to Beogh  |       |     1 |       ||     1
  Use: Scroll            |       |       |    13 ||    13
       Potion            |       |       |     2 ||     2
Armor: Scale mail        |    41 |       |       ||    41
       Chain mail        |    46 |   112 |   113 ||   271
Dodge: Dodged            |    64 |    71 |    73 ||   208
Block: Buckler           |    25 |    31 |    41 ||    97
